 Dungeon Crawl Stone Soup version 0.21.0-3-g78d12a8 (webtiles) character file.

18609 homeworkjunkie the Severer (level 12, -2/110 HPs)
             Began as a Hill Orc Fighter on Jan 9, 2018.
             Was the Champion of Okawaru.
             Slain by a skeletal warrior
             ... wielding a +0 battleaxe
             ... led by a skeletal warrior
              (19 damage)
             ... on level 12 of the Dungeon.
             The game lasted 00:20:48 (10639 turns).

homeworkjunkie the Severer (Hill Orc Fighter)      Turns: 10639, Time: 00:20:48

Health: -2/110     AC: 20    Str: 26    XL:     12   Next: 60%
Magic:  14/14      EV:  8    Int:  8    God:    Okawaru [******]
Gold:   456        SH:  0    Dex: 12    Spells: 11/11 levels left

rFire    + . .     SeeInvis .   o - +5 battleaxe "Duj Nume" {flame, rF+ rN+}
rCold    . . .     Gourm    .   (shield currently unavailable)
rNeg     + . .     Faith    .   q - +0 plate armour
rPois    .         Spirit   .   c - +1 hat
rElec    .         Reflect  .   C - scarf {repulsion}
rCorr    .         Harm     +   l - +2 pair of gloves
MR       .....                  (no boots)
Stlth    ..........             f - amulet of harm
HPRegen  0.28/turn              k - +4 ring of strength
MPRegen  0.14/turn              s - +2 ring of protection

@: repel missiles
A: no striking features
a: Heroism, Finesse, Renounce Religion


You were on level 12 of the Dungeon.
You worshipped Okawaru.
Okawaru was exalted by your worship.
You were not hungry.

You visited 2 branches of the dungeon, and saw 13 of its levels.

You collected 570 gold pieces.
You spent 114 gold pieces at shops.

Inventory:

Hand Weapons
 a - a +6 war axe of electrocution
 o - the +5 battleaxe "Duj Nume" (weapon) {flame, rF+ rN+}
   (Okawaru gifted it to you on level 11 of the Dungeon)

   It has been specially enchanted to burn those struck by it, causing extra
   injury to most foes and up to half again as much damage against particularly
   susceptible opponents.
   Big, fiery blades are also staple armaments of hydra-hunters.
   It protects you from fire.
   It protects you from negative energy.
Armour
 c - a +1 hat (worn)
 l - a +2 pair of gloves (worn)
 m - a +1 cloak
 q - a +0 plate armour (worn)
 u - a +2 buckler of protection
 C - a scarf of repulsion (worn)
Jewellery
 b - an uncursed ring of protection from fire
 f - an amulet of harm (around neck)
 k - a +4 ring of strength (left hand)
 s - a +2 ring of protection (right hand)
Wands
 x - a wand of flame (10)
 A - a wand of iceblast (9)
Scrolls
 d - 4 scrolls of teleportation
 e - 2 scrolls of blinking
 g - 7 scrolls of remove curse
 j - 3 scrolls of fear
 n - 3 scrolls of immolation
 t - a scroll of fog
 w - a scroll of magic mapping
Potions
 h - 2 potions of magic
 i - 2 potions of curing
 v - a potion of degeneration {unknown}
 z - a potion of flight
 B - a potion of cancellation
Comestibles
 r - 8 rations


   Skills:
 * Level 11.3 Fighting
 * Level 16.7 Axes
 * Level 10.0 Armour
 + Level 1.3 Dodging
 + Level 0.7 Stealth
 * Level 9.2 Shields
 * Level 3.4 Evocations


You had 11 spell levels left.
You didn't know any spells.

Dungeon Overview and Level Annotations

Branches:
Dungeon (12/15)            Temple (1/1) D:4            Lair (0/6) D:11
    Orc: D:9-12

Altars:
Ashenzari
Cheibriados
Dithmenos
Elyvilon
Fedhas
Gozag
Hepliaklqana
Kikubaaqudgha
Makhleb
Nemelex Xobeh
Okawaru
Qazlal
Ru
Sif Muna
Trog
Uskayaw
Vehumet
Wu Jian
Xom
Yredelemnul
Zin
The Shining One
Beogh

Shops:
D:4 *   D:5 *   D:9 ?


Message History

Okawaru accepts your kill.
Your Armour skill increases to level 10!
You hit the skeletal warrior but do no damage.
The skeletal warrior is severely damaged.
You slash the skeletal warrior! You burn the skeletal warrior.
The skeletal warrior hits you but does no damage. x2
You hit the skeletal warrior but do no damage.
The skeletal warrior is heavily damaged.
You hit the skeletal warrior but do no damage.
The skeletal warrior hits you with an enchanted hand axe!
* * * LOW HITPOINT WARNING * * *
You feel better.
The skeletal warrior hits you with a battleaxe!
* * * LOW HITPOINT WARNING * * *
The skeletal warrior hits you but does no damage.
You hit the skeletal warrior but do no damage.
The skeletal warrior is moderately damaged.
You hit the skeletal warrior but do no damage.
The skeletal warrior hits you with a battleaxe!
You die...

#........
#........
#........
#........
#...<....
#........
#zz.(.<..
#@)......
##.......
#.....#
######


You could see 2 skeletal warriors.

Vanquished Creatures
  Gastronok (D:8)
  Josephine (D:11)
  An ogre mage (D:12)
  8 two-headed ogres
  A skeletal warrior (D:12)
  An unseen horror (D:11)
  2 ugly things
  A manticore (D:11)
  A centaur zombie (D:11)
  A gargoyle (D:11)
  The ghost of dscm the Grave Robber, an amateur GnNe (D:4)
  A shadow (D:11)
  2 wyverns
  5 yaks (D:11)
  3 wraiths (D:11)
  A steam dragon (D:10)
  10 orc warriors
  3 sky beasts
  4 ice beasts
  A black bear (D:12)
  2 phantoms
  A necrophage (D:5)
  6 ogres
  3 centaurs
  A crocodile (D:11)
  2 big kobolds (D:11)
  A gnoll sergeant (D:7)
  3 bullfrogs
  5 scorpions
  6 killer bees (D:8)
  7 wights
  A howler monkey (D:8)
  The ghost of dscm the Grave Robber, a weakling GnNe (D:5)
  5 crimson imps
  6 jellies
  9 orc priests
  3 hounds
  2 bullfrog skeletons
  A gnoll shaman (D:7)
  10 orc wizards
  2 centaur skeletons
  An iguana (D:8)
  3 worker ants
  2 hound skeletons
  3 worker ant zombies
  5 adders
  7 gnolls (D:7)
  6 oozes
  3 adder skeletons
  4 worms
  2 dart slugs (D:2)
  3 leopard geckos
  50 orcs
  4 bats
  6 giant cockroaches
  6 goblins
  6 hobgoblins
  11 jackals
  22 kobolds
  A quokka (D:8)
  4 ball pythons (D:3)
  A ball python skeleton (D:4)
  5 frilled lizards
  A quokka zombie (D:6)
  5 rats
287 creatures vanquished.

Notes
Turn   | Place    | Note
-------+----------+-------------------------------------------
     0 | D:1      | homeworkjunkie the Hill Orc Fighter began the quest for the Orb.
     0 | D:1      | Reached XP level 1. HP: 19/19 MP: 1/1
   123 | D:2      | Reached skill level 3 in Axes
   123 | D:2      | Reached XP level 2. HP: 11/27 MP: 2/2
   575 | D:3      | Found a snail-covered altar of Cheibriados.
   804 | D:2      | Reached XP level 3. HP: 27/33 MP: 3/3
   833 | D:2      | Reached skill level 4 in Axes
   924 | D:5      | Entered Level 5 of the Dungeon
   924 | D:5      | Noticed an ogre
   926 | D:5      | Noticed dscm's ghost (weakling GnNe)
  1384 | D:2      | Reached XP level 4. HP: 40/40 MP: 4/4
  1522 | D:2      | Found a burning altar of Makhleb.
  1799 | D:1      | Reached skill level 5 in Axes
  2176 | D:4      | Reached XP level 5. HP: 40/46 MP: 5/5
  2262 | D:4      | Noticed an ogre
  2263 | D:4      | Noticed dscm's ghost (amateur GnNe)
  2270 | D:4      | Killed an ogre
  2270 | D:4      | Reached skill level 6 in Axes
  2270 | D:4      | Reached XP level 6. HP: 46/53 MP: 6/6
  2288 | D:4      | Killed dscm's ghost
  2288 | D:4      | Reached XP level 7. HP: 18/60 MP: 7/7
  2289 | D:4      | Found a staircase to the Ecumenical Temple.
  2300 | Temple   | Entered the Ecumenical Temple
  2593 | D:4      | Reached skill level 5 in Shields
  2602 | D:4      | Found Aneogih's General Store.
  2616 | D:4      | Found a stormy altar of Qazlal.
  2629 | D:4      | Reached skill level 7 in Axes
  3063 | D:5      | Reached skill level 5 in Fighting
  3110 | D:5      | Killed dscm's ghost
  3138 | D:5      | Reached skill level 5 in Armour
  3139 | D:5      | Reached skill level 1 in Dodging
  3163 | D:5      | Found a glowing golden altar of the Shining One.
  3195 | D:5      | Found Lesoicsi's General Store.
  3343 | D:5      | Reached skill level 8 in Axes
  3343 | D:5      | Reached XP level 8. HP: 56/67 MP: 8/8
  3519 | D:5      | Found a basalt altar of Yredelemnul.
  4170 | D:6      | Reached skill level 9 in Axes
  4209 | D:6      | Found a hazy altar of Hepliaklqana.
  4218 | D:6      | You fall through a shaft for 3 floors!
  4242 | D:8      | Noticed a two-headed ogre
  4254 | D:8      | Killed a two-headed ogre
  4254 | D:8      | Reached skill level 10 in Axes
  4254 | D:8      | Reached XP level 9. HP: 15/77 MP: 9/9
  4586 | D:7      | Found an iron altar of Okawaru.
  4593 | D:7      | Became a worshipper of Warmaster Okawaru
  4722 | D:7      | Reached skill level 11 in Axes
  4912 | D:6      | Found an ancient bone altar of Kikubaaqudgha.
  5601 | D:7      | Found a shimmering altar of Xom.
  5888 | D:8      | Noticed a two-headed ogre
  5899 | D:8      | Killed a two-headed ogre
  5899 | D:8      | Reached * piety under Okawaru
  5899 | D:8      | Reached ** piety under Okawaru
  5899 | D:8      | Reached skill level 12 in Axes
  5899 | D:8      | Reached XP level 10. HP: 39/85 MP: 10/10
  6348 | D:8      | Found a sacrificial altar of Ru.
  6523 | D:8      | Noticed Gastronok
  6548 | D:8      | Killed Gastronok
  6548 | D:8      | Reached *** piety under Okawaru
  6548 | D:8      | Reached skill level 13 in Axes
  7671 | D:10     | Entered Level 10 of the Dungeon
  7710 | D:10     | Reached **** piety under Okawaru
  7764 | D:9      | Noticed a red ugly thing
  7775 | D:9      | Killed a red ugly thing
  7775 | D:9      | Reached skill level 14 in Axes
  7775 | D:9      | Reached XP level 11. HP: 66/97 MP: 11/11
  7938 | D:9      | Found Iffifuiz's Magic Scroll Shoppe.
  7951 | D:9      | Bought a scroll of identify for 24 gold pieces
  7951 | D:9      | Bought a scroll of enchant armour for 90 gold pieces
  8623 | D:11     | Noticed a red ugly thing
  8638 | D:11     | Killed a red ugly thing
  8723 | D:10     | Got a dazzling leather armour
  8725 | D:10     | Identified the cursed +1 leather armour of Hopscotch {Int-4 Dex+3} (You found it on level 10 of the Dungeon)
  9021 | D:11     | Reached ***** piety under Okawaru
  9117 | D:12     | Noticed a two-headed ogre
  9117 | D:12     | Noticed a two-headed ogre
  9117 | D:12     | Noticed a two-headed ogre
  9117 | D:12     | Noticed a two-headed ogre
  9119 | D:12     | Noticed an ogre mage
  9318 | D:11     | Noticed a two-headed ogre
  9329 | D:11     | Killed a two-headed ogre
  9329 | D:11     | Reached skill level 10 in Fighting
  9337 | D:11     | Reached skill level 1 in Evocations
  9518 | D:11     | Found a roughly hewn altar of Beogh.
  9540 | D:11     | Found a staircase to the Lair.
  9550 | D:11     | Reached skill level 15 in Axes
  9645 | D:11     | Received a gift from Okawaru
  9651 | D:11     | Killed an unseen horror
  9660 | D:11     | Got a shimmering battleaxe {god gift}
  9931 | D:11     | Noticed Josephine
  9935 | D:11     | Killed Josephine
  9941 | D:11     | Reached XP level 12. HP: 104/108 MP: 13/13
 10017 | D:11     | Noticed a two-headed ogre
 10025 | D:11     | Killed a two-headed ogre
 10025 | D:11     | Reached ****** piety under Okawaru
 10180 | D:11     | Reached skill level 16 in Axes
 10531 | D:11     | Killed a two-headed ogre
 10531 | D:11     | Received a gift from Okawaru
 10608 | D:11     | Identified the +5 battleaxe "Duj Nume" {flame, rF+ rN+} (Okawaru gifted it to you on level 11 of the Dungeon)
 10622 | D:12     | Killed an ogre mage
 10622 | D:12     | Killed a two-headed ogre
 10624 | D:12     | Killed a two-headed ogre
 10633 | D:12     | Killed a two-headed ogre
 10635 | D:12     | Reached skill level 10 in Armour
 10639 | D:12     | Slain by a skeletal warrior

Skill      XL: |  1  2  3  4  5  6  7  8  9 10 11 12 |
---------------+-------------------------------------+-----
Axes           | 3 4 5 6 8 10 12 14 15 16 | 16.7
Fighting       | 4 5 6 7 9 10 11 | 11.3
Armour         | 4 5 6 7 8 9 10 | 10.0
Shields        | 4 5 6 7 8 9 |  9.2
Dodging        | 1 |  1.3
Evocations     | 2 3 |  3.4
Stealth        | |  0.7

Action                   |  1- 3 |  4- 6 |  7- 9 | 10-12 || total
-------------------------+-------+-------+-------+-------++-------
Melee: War axe           |   109 |   110 |   258 |   319 ||   796
       Battleaxe         |       |       |       |    19 ||    19
Evoke: Wand              |       |       |       |    19 ||    19
  Use: Scroll            |     5 |     6 |     3 |    12 ||    26
       Potion            |       |     4 |       |     7 ||    11
  Eat: Ration            |     1 |       |     4 |     4 ||     9
       Chunk             |       |     1 |       |       ||     1
Armor: Scale mail        |    63 |    59 |    17 |       ||   139
       Plate armour      |       |       |    83 |   172 ||   255
Dodge: Dodged            |    32 |    34 |    34 |    71 ||   171
Block: Shield            |    65 |    67 |   102 |       ||   234
       Buckler           |       |       |     8 |    82 ||    90
